 Dungeon Crawl Stone Soup version 0.23.2-1-ga50397a (webtiles) character file.

Game seed: 12635828053677373691

79 Fang the Skirmisher (level 4, -2/29 HPs)
             Began as a Gargoyle Berserker on May 29, 2019.
             Was a Follower of Trog.
             Slain by an orc
             ... wielding a +0 falchion
              (4 damage)
             ... on level 3 of the Dungeon.
             The game lasted 00:01:24 (1393 turns).

Fang the Skirmisher (Gargoyle Berserker)            Turns: 1393, Time: 00:01:24

Health: -2/29      AC:  5    Str: 21    XL:     4   Next: 38%
Magic:  4/4        EV: 12    Int:  8    God:    Trog [*.....]
Gold:   120        SH:  0    Dex:  9    Spells: 3/3 levels left

rFire    . . .     SeeInvis .   a - +0 hand axe
rCold    . . .     Gourm    .   (no shield)
rNeg     + . .     Faith    .   b - +0 animal skin
rPois    ∞         Spirit   .   (no helmet)
rElec    +         Reflect  .   (no cloak)
rCorr    .         Harm     .   (no gloves)
MR       .....                  (no boots)
Stlth    +.........             (no amulet)
HPRegen  0.09/turn              (no ring)
MPRegen  0.09/turn              (no ring)

@: no status effects
A: negative energy resistance 1, electricity resistance, unbreathing,
petrification resistance, rot immunity, AC +3
a: Berserk, Renounce Religion


You were on level 3 of the Dungeon.
You worshipped Trog.
Trog was aware of your devotion.
You were hungry.

You visited 1 branch of the dungeon, and saw 3 of its levels.

You collected 120 gold pieces.

Inventory:

Hand Weapons
 a - a +0 hand axe (weapon)
Armour
 b - a +0 animal skin (worn)
Scrolls
 d - a scroll of enchant weapon {unknown}
 f - a scroll of amnesia {unknown}
Potions
 e - a potion of cancellation {unknown}
 g - a potion of flight {unknown}
 h - a potion of might {unknown}
 i - a potion of curing {unknown}
Comestibles
 c - 4 rations


   Skills:
 + Level 4.0 Fighting
 + Level 3.2 Axes
 + Level 3.1 Armour
 + Level 2.2 Dodging


You had 3 spell levels left.
You didn't know any spells.
Your spell library was empty.

Dungeon Overview and Level Annotations

Branches:
Dungeon (3/15)

Altars:
Makhleb


Innate Abilities, Weirdness & Mutations

You are resistant to torment.
Your stone body is resilient. (AC +3)
You are immune to poison.
You resist negative energy. (rN+)
You are resistant to electric shocks. (rElec)
You can survive without breathing.
You are immune to petrification.
You are immune to rotting.


Message History

The orc is heavily wounded.
The orc hits you with a +0 falchion.
You hit the orc but do no damage.
The orc is heavily wounded.
The orc barely misses you.
You hit the orc but do no damage.
The orc is heavily wounded.
The orc misses you.
You hit the orc.
The orc is almost dead.
The orc hits you with a +0 falchion.
* * * LOW HITPOINT WARNING * * *
You hit the orc but do no damage.
The orc is almost dead.
The orc hits you with a +0 falchion.
* * * LOW HITPOINT WARNING * * *
You hit the orc but do no damage.
The orc is almost dead.
The orc hits you with a +0 falchion.
You die...

###############
.........<....#
#.####.######.# ##.##
#.# #... #.# #..# #.#
#o)# #.# #@.# #.#
######..####<# # #.#
.............###.##.#
.#.###..###.........#
#..# #..###.##.# #..#
#..###.##.# #..#
#..#......#
#..###..#.###..#
#.........# #..#


You could see an orc.

Vanquished Creatures
  A hound (D:2)
  2 adders
  A dart slug (D:2)
  2 leopard geckos
  2 orcs (D:3)
  2 bats (D:1)
  3 hobgoblins
  4 jackals (D:2)
  3 frilled lizards (D:2)
  A goblin (D:1)
  4 kobolds
  3 rats
28 creatures vanquished.

Notes
Turn   | Place    | Note
-------+----------+-------------------------------------------
     0 | D:1      | Fang the Gargoyle Berserker began the quest for the Orb.
     0 | D:1      | Reached XP level 1. HP: 14/14 MP: 1/1
   362 | D:1      | Reached XP level 2. HP: 19/19 MP: 2/2
   701 | D:2      | Reached XP level 3. HP: 14/23 MP: 3/3
   874 | D:2      | Found a burning altar of Makhleb.
   883 | D:2      | Reached XP level 4. HP: 22/29 MP: 4/4
  1381 | D:3      | Reached skill level 4 in Fighting
  1393 | D:3      | Slain by an orc

Skill      XL: |  1  2  3  4 |
---------------+-------------+-----
Axes           | 3 |  3.2
Dodging        | 2 |  2.2
Armour         | 3 |  3.1
Fighting       | 4 |  4.0

Action                   |  1- 3 |  4- 6 || total
-------------------------+-------+-------++-------
Melee: Hand axe          |    49 |    42 ||    91
Invok: Berserk           |     1 |       ||     1
  Eat: Chunk             |     1 |     1 ||     2
Armor: Animal skin       |    17 |    11 ||    28
Dodge: Dodged            |    36 |    23 ||    59
